 Dungeon Crawl Stone Soup version 0.22.1-1-ga44c0e5 (webtiles) character file.

107 Irenicus the Digger (level 4, -11/36 HPs)
             Began as a Deep Dwarf Earth Elementalist on Oct 5, 2018.
             Mangled by an ogre
             ... wielding a +0 giant club
              (26 damage)
             ... on level 3 of the Dungeon.
             The game lasted 00:12:49 (1573 turns).

Irenicus the Digger (Deep Dwarf Earth Elementalist) Turns: 1573, Time: 00:12:50

Health: -11/36     AC:  4    Str: 11    XL:     4   Next: 56%
Magic:  2/7        EV: 12    Int: 17    God:
Gold:   45         SH:  0    Dex: 13    Spells: 1/7 levels left

rFire    . . .     SeeInvis .   e - +0 dagger
rCold    . . .     Gourm    .   (no shield)
rNeg     . . .     Faith    .   i - +0 leather armour
rPois    .         Spirit   .   (no helmet)
rElec    .         Reflect  .   (no cloak)
rCorr    .         Harm     .   (no gloves)
MR       .....                  k - +0 pair of boots
Stlth    ++........             (no amulet)
HPRegen  0.00/turn              (no ring)
MPRegen  0.10/turn              (no ring)

@: non-regenerating
A: damage resistance, heal wounds, sense surroundings 1, no regeneration
a: Heal Wounds


You were on level 3 of the Dungeon.
You were hungry.

You visited 1 branch of the dungeon, and saw 3 of its levels.

You collected 45 gold pieces.

Inventory:

Hand Weapons
 e - a +0 dagger (weapon)
   (You took it off a goblin on level 1 of the Dungeon)
 o - a +0 blowgun
   (You took it off a kobold on level 3 of the Dungeon)
Missiles
 b - 140 stones (quivered)
 q - 10 poisoned needles
Armour
 i - a +0 leather armour (worn)
   (You found it on level 1 of the Dungeon)
 k - a +0 pair of boots (worn)
   (You found it on level 2 of the Dungeon)
Scrolls
 a - 3 scrolls of identify {unknown}
 f - a scroll of enchant weapon {unknown}
 g - a scroll of remove curse
 h - a scroll of blinking {unknown}
 m - a scroll of random uselessness {unknown}
 n - a scroll of fog {unknown}
 p - 4 scrolls of enchant armour {unknown}
 r - a scroll of immolation {unknown}
Potions
 c - 2 potions of heal wounds {unknown}
 j - a potion of lignification {unknown}
 l - a potion of ambrosia {unknown}
Comestibles
 d - 4 rations
 s - a chunk of flesh {@w0}


   Skills:
 - Level 1.1 Short Blades
 - Level 2.1 Dodging
 + Level 4.0 Stealth
 - Level 2.0 Spellcasting
 - Level 0.8 Transmutations
 + Level 5.8 Earth Magic


You had one spell level left.
You knew the following spells:

 Your Spells              Type           Power        Failure   Level  Hunger
a - Sandblast             Erth           ###...       2%          1    #......
b - Passwall              Tmut/Erth      ##......     10%         2    ###....
c - Stone Arrow           Conj/Erth      ##....       24%         3    ###....

Your spell library contained the following spells:

 Spells                   Type           Power        Failure   Level  Hunger
 Petrify                  Tmut/Erth      ##......     54%         4    #####..
 Lee's Rapid Deconstruct  Erth           ###.......   54%         5    ######.


Dungeon Overview and Level Annotations

Branches:
Dungeon (3/15)

Altars:


Innate Abilities, Weirdness & Mutations

You are resistant to damage.
You can heal yourself by infusing magical energy.
You passively map a small area around you.
You do not regenerate.


Message History

You kill the kobold!
Your Stealth skill increases to level 4!
The kobold throws a stone.
The stone completely misses you.
Throwing (i - inventory)
b - 123 stones (quivered)
Aim: a kobold You throw a stone.
The stone hits the kobold but does no damage.
Aim: a kobold, wielding a dagger The blast of sand hits the kobold.
You kill the kobold!
b - 121 stones You now have 5/7 mp.
Aim: a kobold The blast of sand hits the kobold.
You kill the kobold!
b - 120 stones You now have 4/7 mp.
b - 122 stones (gained 2)
Things that are here:
a stone; a poisoned needle
q - a poisoned needle;
b - 123 stones (gained 1)
Your magical contamination has completely faded away.
You see here a stone.
b - 124 stones (gained 1)
You see here a poisoned needle.
q - 2 poisoned needles (gained 1)
Items here: ( )))) a dagger; 14 stones; a club; a blowgun; an uncursed dagger
b - 138 stones (gained 14)
Things that are here:
4 stones; 2 poisoned needles; a kobold corpse
q - 4 poisoned needles (gained 2);
b - 142 stones (gained 4)
Something bites the plant but does no damage.
You see here a kobold corpse.
The rat bites the plant but does no damage.
You see here 3 poisoned needles.
q - 7 poisoned needles (gained 3)
The leopard gecko bites the bush but does no damage.
The rat bites the plant but does no damage.
The leopard gecko bites something.
You see here a poisoned needle.
q - 8 poisoned needles (gained 1)
The rat bites the bush but does no damage.
The leopard gecko bites something.
The rat bites the bush.
Things that are here:
a poisoned needle; a leopard gecko skeleton; MP restored: 7
q - 9 poisoned needles (gained 1)
You are no longer poisoned.
The rat bites the bush but does no damage.
The rat twitches its whiskers.
The rat bites the bush but does no damage.
All monsters which could be auto-targeted are covered by a wall or statue which Firing (i - inventory. (/) - cycle)
q - 9 poisoned needles (quivered)
Okay, then.
You are feeling hungry.
The leopard gecko bites the plant.
The rat bites the bush but does no damage.
The rat bites the bush.
Something bites the bush but does no damage.
Something bites the plant.
You see here a kobold corpse.
You see here a kobold corpse.
Items here: )))) a dagger; a club; a blowgun; an uncursed dagger You see here a poisoned needle.
q - 10 poisoned needles (gained 1)
You open the door.
There is an open door here.
Wield which item (- for none, * to show all)? (? for menu, Esc to quit)
e - a +0 dagger (weapon)
A rock wall.
You begin to meditate on the wall.
You continue meditating on the rock. x3
You finish merging with the rock.
You now have 5/7 mp.
You open the door.
There is an open door here.
A rock wall.
You begin to meditate on the wall.
You continue meditating on the rock. x2
You finish merging with the rock.
You now have 4/7 mp.
You see here 12 gold pieces.
You now have 45 gold pieces (gained 12).
A rock wall.
You begin to meditate on the wall.
You continue meditating on the rock. x2
You finish merging with the rock.
You now have 3/7 mp.
An ogre comes into view. It is wielding a giant club.
The ogre moves out of view.
Aim: an ogre, wielding a giant club The blast of sand hits the ogre.
b - 141 stones The ogre closely misses you.
You now have 3/7 mp.
Aim: an ogre, wielding a giant club (moderately wounded)
The blast of sand hits the ogre.
b - 140 stones The ogre hits you with a giant club!!
Ouch! That really hurt!
You die...

#######.#######.#####.# #.##.
........# #.# *.# #.##. .#####..#
** #.# *.# #.##. .# ....... ###.#
###.# #.##. ## #.#..........
..#.# * #.##.
##.#####.###.#*#.#.. , ,..#*
##+#.<..........# #.######## * *,
#.........#.#######.#..........#.
................@O...............
.........)#.#######.#............
..........#.#######.##########.##
....>.....+................... ,
..........#.####.##.......... ,*#
..........#.# #.*############,
.........##.# #. #.........#
########.##.# #. #.#...#...#
............# #. ...#...#.# #,


You could see an ogre.

Vanquished Creatures
  3 adders
  An ooze (D:1)
  2 worms (D:2)
  4 leopard geckos
  4 orcs (D:3)
  6 bats
  4 giant cockroaches
  7 goblins
  8 hobgoblins
  11 kobolds
  A quokka (D:3)
  A frilled lizard (D:1)
  2 rats (D:2)
54 creatures vanquished.

Notes
Turn   | Place    | Note
-------+----------+-------------------------------------------
     0 | D:1      | Irenicus the Deep Dwarf Earth Elementalist began the quest
                  | for the Orb.
     0 | D:1      | Reached XP level 1. HP: 15/15 MP: 3/3
     5 | D:1      | Noticed a black mamba
    13 | D:1      | Noticed a four-headed hydra
    37 | D:1      | Reached skill level 2 in Spellcasting
    66 | D:1      | Reached XP level 2. HP: 22/22 MP: 1/5
   166 | D:1      | Reached skill level 1 in Short Blades
   320 | D:1      | Learned a level 2 spell: Passwall
   381 | D:2      | Reached XP level 3. HP: 19/28 MP: 6/6
   410 | D:2      | Learned a level 3 spell: Stone Arrow
   455 | D:2      | Reached skill level 5 in Earth Magic
   702 | D:2      | Reached skill level 3 in Stealth
  1001 | D:3      | Reached XP level 4. HP: 16/36 MP: 3/7
  1476 | D:3      | Reached skill level 4 in Stealth
  1566 | D:3      | Noticed an ogre
  1573 | D:3      | Mangled by an ogre

Skill      XL: |  1  2  3  4 |
---------------+-------------+-----
Spellcasting   | 2 |  2.0
Short Blades   | 1 |  1.1
Earth Magic    | 5 |  5.8
Stealth        | 3 4 |  4.0
Dodging        | |  2.1
Transmutations | |  0.8

Action                   |  1- 3 |  4- 6 || total
-------------------------+-------+-------++-------
Melee: Dagger            |    74 |    12 ||    86
 Fire: Blowgun           |       |     8 ||     8
Throw: Stone             |       |     1 ||     1
 Cast: Sandblast         |    31 |    19 ||    50
       Passwall          |    14 |    14 ||    28
  Use: Scroll            |       |     1 ||     1
 Stab: Sleeping          |     6 |     2 ||     8
       Distracted        |       |     1 ||     1
  Eat: Chunk             |     1 |     3 ||     4
Armor: Robe              |    24 |       ||    24
       Leather armour    |    15 |     7 ||    22
Dodge: Dodged            |    76 |    11 ||    87

Vault maps used:
D:1:      sevenhm_arrival_forest_fort_small_2, st_stairs_6
D:3:      lexackson_kobold_supper

Table legend:
 A = Turns spent in this place as a percentage of turns spent in the entire game.
 B = Non-inter-level travel turns spent in this place as a percentage of non-inter-level travel turns spent in the entire game.
 C = Inter-level travel turns spent in this place as a percentage of turns spent in this place.
 D = Turns resting spent in this place as a percentage of non-inter-level travel turns spent in this place.
 E = Turns spent auto-exploring this place as a percentage of non-inter-level travel turns spent in this place.
 F = Non-inter-level travel turns spent in this place divided by the number of levels of this place that you've seen.
                   A       B       C       D       E      F
               +-------+-------+-------+-------+-------+----------------------
         Total | 100.0 | 100.0 |   0.0 |   0.0 |   0.0 | 524.3
       Dungeon | 100.0 | 100.0 |   0.0 |   0.0 |   0.0 | 524.3
               +-------+-------+-------+-------+-------+----------------------

Table legend:
 A = Kills in this place as a percentage of kills in entire the game.
 B = Kills by you in this place as a percentage of kills by you in the entire game.
 C = Kills by friends in this place as a percentage of kills by friends in the entire game.
 D = Other kills in this place as a percentage of other kills in the entire game.
 E = Experience gained in this place as a percentage of experience gained in the entire game.
 F = Experience gained in this place divided by the number of levels of this place that you have seen.
                   A       B       C       D       E      F
               +-------+-------+-------+-------+-------+----------------------
         Total | 100.0 | 100.0 |   N/A |   N/A | 100.0 |  51.0
       Dungeon | 100.0 | 100.0 |   N/A |   N/A | 100.0 |  51.0
               +-------+-------+-------+-------+-------+----------------------
